 Dungeon Crawl Stone Soup version 0.32-a0-643-ga006e7742e (webtiles) character file.

Game seed: 4973874672869202412

54 Aldia the Apothecary (level 3, -6/23 HPs)
             Began as an Octopode Alchemist on Mar 8, 2024.
             Shot with a sling bullet by a goblin (7 damage)
             ... led by Robin
             ... on level 2 of the Dungeon.
             The game lasted 00:03:17 (1395 turns).

Aldia the Apothecary (Octopode Alchemist)           Turns: 1395, Time: 00:03:18

Health: -6/23      AC:  1    Str:  7    XL:     3   Next: 91%
Magic:  1/6        EV: 13    Int: 19    God:
Gold:   77         SH:  0    Dex: 12    Spells: 0/6 levels left

rFire   . . .        e - +0 dagger
rCold   . . .        (no shield)
rNeg    . . .        (helmet restricted)
rPois   .            (no amulet)
rElec   .            (no ring)
rCorr   .            (no ring)
SInv    .            (no ring)
Will    .....        (no ring)
Stlth   +++          (no ring)
HPRegen 0.23/turn    (no ring)
MPRegen 0.10/turn    (no ring)
                     (no ring)

%: no passive effects
@: no status effects
A: almost no armour, amphibious, 8 rings, camouflage 1, gelatinous body 1,
(nimble swimmer 1), tentacles
a: no special abilities


You were on level 2 of the Dungeon.
You visited 1 branch of the dungeon, and saw 2 of its levels.

You collected 77 gold pieces.

Inventory:

Hand Weapons
 e - a +0 dagger (weapon)
Magical Staves
 d - a staff of earth
 f - a staff of cold
Wands
 i - a wand of flame (19)
Scrolls
 b - 2 scrolls of noise
 c - a scroll of identify {unknown}
Potions
 a - a potion of magic
 g - a potion of heal wounds {unknown}
 h - a potion of ambrosia {unknown}
 j - a potion of curing {unknown}
 k - a potion of degeneration {unknown}


   Skills:
 + Level 1.0 Fighting
 - Level 2.0 Dodging
 - Level 3.0 Stealth
 + Level 2.4 Spellcasting
 + Level 1.1 Conjurations
 + Level 1.1 Air Magic
 + Level 4.1 Alchemy


You couldn't memorise any spells.
You knew the following spells:

 Your Spells              Type           Power      Damage    Failure   Level
a - Sting                 Conj/Alch      48%        1d6       5%          1
b - Mercury Vapours       Alch/Air       24%        N/A       9%          2
c - Mephitic Cloud        Conj/Alch/Air  10%        N/A       21%         3

Your spell library contained the following spells:

 Spells                   Type           Power      Damage    Failure   Level
 Olgreb's Toxic Radiance  Alch           17%        N/A       30%         4
 Sticky Flame             Fire/Alch      10%        2d5       56%         4


Dungeon Overview and Level Annotations

Branches:
Dungeon (2/15)

Altars:

Annotations:
D:2 Robin


Innate Abilities, Weirdness & Mutations

You cannot wear most types of armour.
You are amphibious.
You can wear up to eight rings at the same time.
Your skin changes colour to match your surroundings (Stealth+).
Your rubbery body absorbs attacks. (AC +1, EV +1)
((You are camouflaged when in or above water. (Stealth+)))
You have tentacles for arms and can constrict up to eight enemies at once.


Message History

You are too injured to fight recklessly!
Unknown command.
You barely miss the goblin. Your grab misses the goblin.
You squeeze the goblin.
You kill the goblin!
The goblin is no longer weakened.
The goblin unwields a +0 sling.
The goblin wields a +0 club.
The goblin hits you with a +0 club.
A kobold comes into view.
It is wielding a +0 dagger and wearing an orb of guile.
Casting: Mercury Vapours (safe; 9% risk of failure)
Confirm with . or Enter, or press ? or * to list all spells.
You don't have enough magic to cast this spell.
The goblin unwields a +0 club.
The goblin wields a +0 sling.
The goblin shoots a sling bullet.
The sling bullet closely misses you.
There is an open door here.
Things that are here:
a +0 club; a goblin corpse The goblin shoots a sling bullet.
The sling bullet closely misses you. Robin throws the goblin at you!
* * * LOW HITPOINT WARNING * * *
The goblin barely misses you.
Unknown command.
You hit the goblin. Your grab misses the goblin.
The goblin is moderately wounded.
The goblin shoots a sling bullet.
The sling bullet closely misses you.
Robin roars a battlecry!
The goblins go into a battle-frenzy!
The goblin barely misses you.
You hit the goblin. You grab the goblin. You squeeze the goblin.
You kill the goblin!
The goblin shoots a sling bullet.
The sling bullet misses you.
Robin says, "My army is invincible!"
The goblin shoots a sling bullet.
The sling bullet hits you.
* * * LOW HITPOINT WARNING * * *
You hear a shout!
The goblin shoots a sling bullet.
The sling bullet misses you. Robin throws the goblin at you!
The goblin hits you with a +0 club.
* * * LOW HITPOINT WARNING * * *
The goblin shoots a sling bullet.
The sling bullet hits you!
You die... #.# #.######## #g# #.# #.# #g# #.# ##'## ggg ##.##### ##...## g.# ##......# ##.....## .g# #...#...# ##.......## gggg

.#..#...## #.....[...#
...[.......+...[<....+
.#.#....####...g@....#
#...#...# ##.......##
##.#.#..# ##.)...##
.#.###.# ##...## # ##
## ##)## #)# #g#


K)g ..... You could see Robin, 2 goblins and a kobold.

Vanquished Creatures
  A dart slug (D:1)
  A ribbon worm (D:2)
  6 bats (D:1)
  5 endoplasms (D:1)
  2 giant cockroaches (D:1)
  10 goblins
  5 hobgoblins
  2 quokkas (D:1)
  3 ball pythons (D:1)
  2 frilled lizards
  4 kobolds (D:1)
  A rat (D:1)
42 creatures vanquished.

Notes
Turn   | Place    | Note
-------+----------+-------------------------------------------
     0 | D:1      | Aldia the Octopode Alchemist began the quest for the Orb.
     0 | D:1      | Reached XP level 1. HP: 11/11 MP: 3/3
   129 | D:1      | Reached XP level 2. HP: 16/17 MP: 3/5
   134 | D:1      | Learned a level 2 spell: Mercury Vapours
   482 | D:1      | Reached XP level 3. HP: 13/22 MP: 4/6
   487 | D:1      | Reached skill level 4 in Alchemy
   499 | D:1      | Learned a level 3 spell: Mephitic Cloud
   696 | D:1      | Reached skill level 1 in Air Magic
  1316 | D:2      | Noticed Robin
  1384 | D:2      | Reached skill level 1 in Fighting
  1395 | D:2      | HP: 1/23 [goblin/+0 club[Robin] (3)]
  1395 | D:2      | Shot with a sling bullet by a goblin

Illustrated notes

Levels and vault maps discovered:
D:1:      minmay_arrival_open_corners, layout_loops_ring, serial_forest,
          infiniplex_forest_pool, infiniplex_forest_lined_corner,
          infiniplex_forest_side_room, infiniplex_forest_clump_curved,
          minmay_liquid_box
D:2:      layout_loops_corners, shapermc_ecumenical_altar_mp_urbaneastern,
          uniq_robin

Skill      XL: |  1  2  3 |
---------------+----------+-----
Stealth        | 3 |  3.0
Alchemy        | 4 |  4.1
Air Magic      | 1 |  1.1
Fighting       | 1 |  1.0
Dodging        | |  2.0
Spellcasting   | |  2.4
Conjurations   | |  1.1

Action                     || total
---------------------------++-------
  Melee: Dagger            ||    56
         Constrict         ||    12
         Tentacles         ||     9
   Cast: Sting             ||    20
         Mercury Vapours   ||     2
    Use: Scroll            ||     1
   Stab: Sleeping          ||    15
 Armour: Skin              ||    34
  Dodge: Dodged            ||    24

Table legend: (Time is in decaauts)
 A = Elapsed time spent in this place.
 B = Non-inter-level travel time spent in this place.
 C = Inter-level travel time spent in this place.
 D = Time resting spent in this place.
 E = Time spent auto-exploring this place.
 F = Levels seen in this place.
 G = Mean time per level.
                   A        B        C        D        E       F      G
               +--------+--------+--------+--------+--------+-----+--------+
         Total |   1394 |   1355 |     39 |     20 |   1056 |   2 |  697.0 |
       Dungeon |   1394 |   1355 |     39 |     20 |   1056 |   2 |  697.0 |
               +--------+--------+--------+--------+--------+-----+--------+

Top non-repeatable levels by time:
     D:1: 1088 daAuts
     D:2: 305 daAuts
